 Dungeon Crawl Stone Soup version 0.30-a0-883-g5ad918d77d (webtiles) character file.

Game seed: 1808073943534546906

13771 Pimp the Blocker (level 12, -5/97 HPs)
             Began as a Formicid Fighter on Mar 15, 2023.
             Was a High Priest of Okawaru.
             Killed from afar by a fire giant (25 damage)
             ... with a fireball
             ... on level 11 of the Dungeon.
             The game lasted 00:23:26 (10002 turns).

Pimp the Blocker (Formicid Fighter)                Turns: 10002, Time: 00:23:27

Health: -5/97      AC: 26    Str: 23    XL:     12   Next: 36%
Magic:  12/12      EV: 11    Int:  9    God:    Okawaru [*****.]
Gold:   595        SH:  9    Dex: 15    Spells: 11/11 levels left

rFire   . . .      SeeInvis +    a - +2 war axe (protect)
rCold   . . .      Faith    .    c - +2 buckler
rNeg    . . .      Spirit   .    m - +3 chain mail
rPois   +          Reflect  .    (helmet unavailable)
rElec   .          Rampage  .    (no cloak)
rCorr   .                        C - +0 pair of gloves
Will    +....                    (no boots) Stlth
                                 A - amulet of regeneration
HPRegen 1.16/turn                g - +4 ring of protection
MPRegen 0.13/turn                j - ring of poison resistance

@: under a protective aura
A: permanent stasis, dig shafts and tunnels, antennae 3, four strong arms
a: Dig, Shaft Self, Renounce Religion, Heroism, Finesse, Duel


You were on level 11 of the Dungeon.
You worshipped Okawaru.
Okawaru was extremely pleased with you.
You visited 2 branches of the dungeon, and saw 12 of its levels.

You collected 595 gold pieces.

Inventory:

Hand Weapons
 a - a +2 war axe of protection (weapon)
 E - a +2 scimitar of flaming
Armour
 b - a +0 scale mail
 c - a +2 buckler (worn)
 l - the +2 scale mail of Rocsofus {rF- rC+ Dex+5 Slay+3}
   (Okawaru gifted it to you on level 11 of the Dungeon)

   Dex:       It affects your dexterity (+5).
   Slay:      It affects your accuracy & damage with ranged weapons and melee
   (+3).
   rF:        It makes you vulnerable to fire.
   rC:        It protects you from cold.
 m - a +3 chain mail (worn)
 C - a +0 pair of gloves (worn)
Jewellery
 g - a +4 ring of protection (left hand)
 j - a ring of poison resistance (right hand)
 n - a +5 ring of evasion
 p - an amulet of magic regeneration
 t - a +6 ring of intelligence
 y - a +4 ring of protection
 A - an amulet of regeneration (around neck)
 B - an amulet of guardian spirit
Wands
 d - a wand of iceblast (11)
 q - a wand of flame (18)
 u - a wand of polymorph (9)
Scrolls
 e - a scroll of amnesia
 k - 3 scrolls of magic mapping
 r - 5 scrolls of identify
 s - 2 scrolls of fog
 w - 2 scrolls of silence
Potions
 h - 3 potions of haste
 i - 4 potions of lignification
 o - a potion of ambrosia
 v - 2 potions of cancellation
 x - a potion of magic
 z - 3 potions of brilliance


   Skills:
 + Level 9.6 Fighting
 * Level 11.1 Axes
 + Level 9.6 Armour
 + Level 6.3 Dodging
 + Level 11.4 Shields
 + Level 0.3 Spellcasting
 * Level 1.0 Evocations


You had 11 spell levels left.
You didn't know any spells.
Your spell library contained the following spells:

 Spells                   Type           Power      Damage    Failure   Level
 Magic Dart               Conj           0%         1d3       95%         1
 Searing Ray              Conj           0%         2d4       99%         2
 Sublimation of Blood     Necr           0%         N/A       99%         2
 Wereblood                Tmut           0%         N/A       99%         2
 Dazzling Flash           Conj/Hex       0%         N/A       100%        3
 Ignite Poison            Fire/Tmut/Pois 0%         N/A       100%        3
 Fulminant Prism          Conj/Hex       0%         3d5       100%        4
 Iskenderun's Mystic Bla  Conj/Tloc      0%         2d3       100%        4
 Sticky Flame             Conj/Fire      0%         2d3       100%        4
 Starburst                Conj/Fire      0%         6d3       100%        6
 Ignition                 Fire           0%         3d3       100%        8
 Summon Hydra             Summ           Unusable   N/A       N/A         7

Dungeon Overview and Level Annotations

Branches:
Dungeon (11/15)            Temple (1/1) D:5            Lair (0/5) D:9
    Orc: D:9-12

Altars:
Ashenzari
Cheibriados
Elyvilon
Hepliaklqana
Okawaru
Ru
Sif Muna
Uskayaw

Shops:
D:1 *   D:4 :


Innate Abilities, Weirdness & Mutations

You cannot be hasted, slowed, berserked, paralysed or teleported.
You can dig through walls and to a lower floor.
You have a pair of large antennae on your head. (SInv)
Your four strong arms can wield two-handed weapons with a shield.


Message History

You kill the cyclops!
Okawaru accepts your kill.
You slash the yaktaur! The yaktaur hits you.
Your Evocations skill increases to level 1!
You barely miss the yaktaur.
The yaktaur is severely wounded.
A fire giant comes into view.
It is wielding a +0 great sword of flaming.
You hit the fire giant.
The fire giant is lightly wounded.
You hit the fire giant.
The fire giant is lightly wounded.
The fire giant hits you with a +0 great sword of flaming!
The fire giant burns you.
You barely miss the fire giant.
The fire giant is lightly wounded.
You block the fire giant's attack.
You slash the fire giant!
The fire giant is moderately wounded.
The fire giant hits you but does no damage.
You slash the fire giant!
The fire giant is moderately wounded.
The fire giant hits you with a +0 great sword of flaming.
The fire giant burns you.
You hit the fire giant but do no damage.
The fire giant is moderately wounded.
The fire giant hits you with a +0 great sword of flaming!
The fire giant burns you.
You barely miss the fire giant.
The fire giant is moderately wounded.
The fire giant hits you with a +0 great sword of flaming!
The fire giant burns you.
You hit the fire giant.
The fire giant is moderately wounded.
The fire giant points at you and mumbles some strange words.
The bolt of fire hits you!!!
* * * LOW HITPOINT WARNING * * *
You feel better.
The fire giant gestures at you while chanting.
The fireball explodes!
The fireball engulfs you!!
You die...

#.......###.#.#.####))#..
#####.........#.#.#.#..)#####
...(..........###.######....#
#####..........#)#[...)#####
#......#############....
#..##### .}#=#........ #..#
c######.###...###
#..#####C..#.# #{#...# {
#....#(@####.# ###.#
#....###.#...# #.#.#
#.....).##...## #..#
#...........(.# {#..#
#.............# ###..#
#.............#{#....#
...............###....#
.......................#
.......................#


You could see a fire giant.

Vanquished Creatures
  Snorg (D:10)
  An ettin (D:11)
  A centaur warrior (D:9)
  2 boulder beetles (D:11)
  Amaemon (D:8)
  An ugly thing (D:9)
  A deep elf zephyrmancer (D:11)
  3 deep elf pyromancers
  Joseph (D:8)
  2 cyclopes (D:11)
  A gargoyle (D:8)
  An orange demon (D:8)
  Psyche (D:8)
  An efreet (D:11)
  A kobold demonologist (D:10)
  A komodo dragon (D:10)
  A hornet (D:8)
  Prince Ribbit (D:7)
  A wyvern (D:9)
  4 yaks
  A steam dragon (D:7)
  2 water moccasins
  A sky beast (D:6)
  2 ice beasts
  2 orc warriors (D:9)
  3 black bears
  3 ogres
  5 centaurs
  2 kobold brigands
  A phantom (D:4)
  3 bullfrogs
  5 scorpions
  17 killer bees
  5 howler monkeys
  4 jellies
  7 orc priests
  2 hounds (D:4)
  2 sleepcaps (D:8)
  4 iguanas
  8 orc wizards
  6 gnolls
  7 adders
  A shadow imp (D:8)
  4 white imps
  2 ufetubi (D:5)
  2 worms
  5 dart slugs
  44 orcs
  4 bats
  15 endoplasms
  4 giant cockroaches
  6 goblins
  6 hobgoblins
  20 kobolds
  7 quokkas
  10 ball pythons
  2 frilled lizards (D:2)
  4 rats
255 creatures vanquished.

Vanquished Creatures (others)
  12 fungi (D:9)
  11 plants (D:9)
23 creatures vanquished.

Grand Total: 278 creatures vanquished

Notes
Turn   | Place    | Note
-------+----------+-------------------------------------------
     0 | D:1      | Pimp the Formicid Fighter began the quest for the Orb.
     0 | D:1      | Reached XP level 1. HP: 18/18 MP: 1/1
   109 | D:1      | Reached XP level 2. HP: 24/24 MP: 2/2
   239 | D:1      | Found Ikuisaxt's Assorted Antiques.
   375 | D:1      | Found a white marble altar of Elyvilon.
   384 | D:1      | Reached XP level 3. HP: 21/29 MP: 3/3
  1102 | D:2      | Reached XP level 4. HP: 34/37 MP: 4/4
  1408 | D:2      | Found a shimmering blue altar of Sif Muna.
  1600 | D:2      | Found a faded altar of an unknown god.
  2330 | D:3      | Reached XP level 5. HP: 42/42 MP: 5/5
  2598 | D:3      | Reached skill level 5 in Shields
  2753 | D:4      | Reached XP level 6. HP: 13/49 MP: 6/6
  2924 | D:4      | Found Goxicw's Book Emporium.
  2987 | D:4      | Noticed an ogre
  3000 | D:4      | Killed an ogre
  3184 | D:4      | Reached XP level 7. HP: 51/55 MP: 7/7
  3269 | D:4      | Reached skill level 5 in Fighting
  3269 | D:4      | Reached skill level 5 in Armour
  3713 | D:5      | Entered Level 5 of the Dungeon
  3991 | D:5      | Reached XP level 8. HP: 35/63 MP: 8/8
  4400 | D:5      | Reached skill level 1 in Dodging
  4443 | D:5      | Reached skill level 5 in Axes
  4738 | D:5      | Found a staircase to the Ecumenical Temple.
  4825 | Temple   | Entered the Ecumenical Temple
  4868 | Temple   | Became a worshipper of Warmaster Okawaru
  5195 | D:6      | Reached XP level 9. HP: 62/70 MP: 9/9
  5657 | D:6      | Found a white marble altar of Elyvilon.
  5965 | D:7      | Reached * piety under Okawaru
  6523 | D:7      | Noticed Prince Ribbit
  6539 | D:7      | Killed Prince Ribbit
  6637 | D:7      | Reached ** piety under Okawaru
  6923 | D:7      | Reached XP level 10. HP: 79/79 MP: 10/10
  7025 | D:8      | Noticed Joseph
  7027 | D:8      | Noticed Psyche
  7171 | D:8      | Killed Psyche
  7223 | D:8      | Killed Joseph
  7612 | D:8      | Noticed a gargoyle
  7632 | D:8      | Killed a gargoyle
  7894 | D:8      | Noticed an orange demon
  7894 | D:8      | Noticed Amaemon
  7927 | D:8      | Killed Amaemon
  7927 | D:8      | Reached *** piety under Okawaru
  7937 | D:8      | Killed an orange demon
  8060 | D:9      | Received a gift from Okawaru
  8148 | D:9      | Reached XP level 11. HP: 56/86 MP: 11/11
  8166 | D:8      | Reached skill level 10 in Shields
  8207 | D:9      | Reached skill level 5 in Dodging
  8278 | D:9      | Noticed a two-headed ogre
  8436 | D:9      | Found a staircase to the Lair.
  8473 | D:9      | Noticed a deep elf pyromancer
  8475 | D:9      | Noticed a deep elf pyromancer
  8476 | D:9      | Noticed a centaur warrior
  8477 | D:9      | Noticed a white ugly thing
  8482 | D:9      | Killed a deep elf pyromancer
  8482 | D:9      | Reached **** piety under Okawaru
  8492 | D:9      | Killed a deep elf pyromancer
  8495 | D:9      | Killed a centaur warrior
  8497 | D:9      | Killed a white ugly thing
  8498 | D:9      | Reached skill level 10 in Axes
  8887 | D:10     | Entered Level 10 of the Dungeon
  8891 | D:10     | Noticed Snorg
  8929 | D:10     | HP: 2/87 [Snorg (17)]
  8931 | D:10     | Killed Snorg
  9658 | D:11     | Noticed a boulder beetle
  9660 | D:11     | Noticed a cyclops
  9668 | D:11     | Noticed a boulder beetle
  9678 | D:11     | Killed a boulder beetle
  9678 | D:11     | Reached ***** piety under Okawaru
  9678 | D:11     | Identified the +2 scale mail of Rocsofus {rF- rC+ Dex+5
                  | Slay+3} (Okawaru gifted it to you on level 11 of the
                  | Dungeon)
  9678 | D:11     | Received a gift from Okawaru
  9680 | D:11     | Killed a boulder beetle
  9681 | D:11     | Reached XP level 12. HP: 80/95 MP: 12/12
  9744 | D:11     | Identified the +2 robe of the Flute {rPois Str-4 Dex+2}
  9762 | D:11     | Noticed an ettin
  9788 | D:11     | Killed an ettin
  9993 | D:11     | Reached skill level 1 in Evocations
  9994 | D:11     | Noticed a fire giant
 10002 | D:11     | Killed from afar by a fire giant

Illustrated notes

Levels and vault maps discovered:
D:1:      dpeg_arrival_prison, layout_basic, serial_shops,
          nicolae_shop_statue_plus, minmay_crystal_room, minmay_hexomino_r4
D:2:      layout_rooms, basic_altar, hellmonk_ecumenical_altar_defaced_shrine,
          minmay_vboxes
D:3:      layout_basic, kennysheep_generic_room_8
D:4:      minmay_chambers_of_twos, layout_basic, serial_shops, shop,
          st_stairs_12
D:5:      layout_loops_ring, minmay_temple_entry_drinking_statues,
          minmay_door_square, minmay_misc_feat_rows, st_stairs_2
D:6:      layout_cave_pools, mainiacjoe_overflow_alcove_2, serial_park,
          serial_park_square2, serial_park_gazebo [serial_park_minivault_5x5_1],
          serial_park_tiny_2
D:7:      layout_loops_corners, uniq_prince_ribbit1
D:8:      layout_loops_cross, uniq_amaemon, uniq_joseph, uniq_psyche
D:9:      minmay_bloctagon_deflated, layout_rooms,
          grunt_lair_entry_orc_guard_hut
D:10:     layout_irregular_city, uniq_snorg
D:11:     minmay_chopped_fan, layout_irregular_city, hiddenorc2_lemuel,
          uniq_josephine
Temple:   mainiacjoe_temple_archimedes_tessellation

Skill      XL: |  1  2  3  4  5  6  7  8  9 10 11 12 |
---------------+-------------------------------------+-----
Fighting       | 4 5 6 7 8 9 |  9.6
Armour         | 4 5 6 7 8 9 |  9.6
Axes           | 3 4 5 7 9 10 11 | 11.1
Shields        | 5 6 7 8 9 11 | 11.4
Dodging        | 2 3 4 6 |  6.3
Evocations     | 1 |  1.0
Spellcasting   | |  0.3

Action                     |  1- 3 |  4- 6 |  7- 9 | 10-12 || total
---------------------------+-------+-------+-------+-------++-------
  Melee: War axe           |    75 |   165 |   330 |   356 ||   926
    Use: Potion            |       |     3 |       |    10 ||    13
         Scroll            |       |    12 |     2 |    13 ||    27
   Stab: Invisible         |       |       |       |     1 ||     1
 Armour: Scale mail        |    44 |    75 |   191 |   135 ||   445
         Skin              |       |    10 |       |       ||    10
         Chain mail        |       |       |       |   128 ||   128
  Dodge: Dodged            |    49 |    68 |   180 |   248 ||   545
  Block: Buckler           |    19 |    51 |   150 |   220 ||   440

Table legend: (Time is in decaauts)
 A = Elapsed time spent in this place.
 B = Non-inter-level travel time spent in this place.
 C = Inter-level travel time spent in this place.
 D = Time resting spent in this place.
 E = Time spent auto-exploring this place.
 F = Levels seen in this place.
 G = Mean time per level.
                   A        B        C        D        E       F      G
               +--------+--------+--------+--------+--------+-----+--------+
         Total |  10203 |   9795 |    408 |   1485 |   5935 |  12 |  850.2 |
       Dungeon |  10128 |   9750 |    378 |   1485 |   5898 |  11 |  920.7 |
        Temple |     74 |     44 |     30 |      0 |     37 |   1 |   74.0 |
               +--------+--------+--------+--------+--------+-----+--------+

Top non-repeatable levels by time:
     D:5: 1328 daAuts
     D:7: 1252 daAuts
     D:3: 1119 daAuts
     D:8: 1050 daAuts
     D:1: 1032 daAuts
     D:4: 1012 daAuts
     D:6: 814 daAuts
     D:9: 751 daAuts
    D:10: 708 daAuts
     D:2: 654 daAuts
    D:11: 404 daAuts
  Temple: 74 daAuts
